 Dungeon Crawl Stone Soup version 0.31-a0-339-gda1cbd555d (webtiles) character file.

Game seed: 16425335724684461100

235 BritishOli the Trooper (level 5, -4/42 HPs)
             Began as a Demonspawn Fighter on July 19, 2023.
             Slain by an ogre
             ... wielding a +0 giant spiked club
              (11 damage)
             ... on level 4 of the Dungeon on July 20, 2023.
             The game lasted 00:06:49 (2702 turns).

BritishOli the Trooper (Demonspawn Fighter)         Turns: 2702, Time: 00:06:49

Health: -4/42      AC: 12    Str: 22    XL:     5   Next: 76%
Magic:  5/5        EV:  9    Int: 11    God:
Gold:   308        SH:  4    Dex:  9    Spells: 4/4 levels left

rFire   . . .        a - +0 long sword
rCold   . . .        c - +0 buckler
rNeg    + . .        b - +0 scale mail
rPois   .            (no helmet)
rElec   .            (no cloak)
rCorr   .            p - +2 pair of gloves "Woqerphil" {rN+ Str+3 Int+2 Dex-3}
SInv    .            (no boots)
Will    .....        (no amulet) Stlth
                     (no ring)
HPRegen 0.27/turn    (no ring)
MPRegen 0.09/turn

%: no passive effects
@: no status effects
A: yellow scales 1
a: no special abilities


You were on level 4 of the Dungeon.
You visited 1 branch of the dungeon, and saw 4 of its levels.

You collected 308 gold pieces.

Inventory:

Hand Weapons
 a - a +0 long sword (weapon)
Missiles
 q - 4 javelins
Armour
 b - a +0 scale mail (worn)
 c - a +0 buckler (worn)
 p - the +2 pair of gloves "Woqerphil" (worn) {rN+ Str+3 Int+2 Dex-3}
   (You found it on level 3 of the Dungeon)

   Str:       It affects your strength (+3).
   Int:       It affects your intelligence (+2).
   Dex:       It affects your dexterity (-3).
   rN:        It protects you from negative energy.
Scrolls
 e - 2 scrolls of identify
 f - a scroll of teleportation {unknown}
 h - 2 scrolls of revelation
 i - 2 scrolls of fear
 j - 2 scrolls of poison
 k - 3 scrolls of enchant weapon
 m - a scroll of immolation {unknown}
 r - a scroll of enchant armour {unknown}
 t - a scroll of blinking {unknown}
Potions
 d - a potion of might
 g - a potion of heal wounds {unknown}
 l - a potion of degeneration {unknown}
 n - 2 potions of ambrosia {unknown}
 o - a potion of brilliance {unknown}
 s - a potion of lignification {unknown}
 u - a potion of mutation {unknown}


   Skills:
 + Level 4.1 Fighting
 + Level 3.1 Long Blades
 + Level 3.7 Armour
 + Level 3.7 Shields


You had 4 spell levels left.
You didn't know any spells.
Your spell library contained the following spells:

 Spells                   Type           Power      Damage    Failure   Level
 Summon Small Mammal      Summ           0%         N/A       73%         1
 Wereblood                Tmut           0%         N/A       86%         2
 Call Canine Familiar     Summ           0%         N/A       97%         3
 Summon Guardian Golem    Hex/Summ       0%         N/A       97%         3
 Irradiate                Conj/Tmut      0%         3d11      100%        5


Dungeon Overview and Level Annotations

Branches:
Dungeon (4/15)
 Temple: D:4-7

Altars:

Annotations:
D:4 Pikel


Innate Abilities, Weirdness & Mutations

You are partially covered in yellow scales. (AC +2)


Message History

The kobold completely misses you. The kobold hits you but does no damage.
You slash the kobold!
You kill the kobold!
No target in view!
No target in view!
No target in view!
u - a bubbling amethyst potion No target in view!
Found an escape hatch in the floor.
No target in view!
No target in view!
No target in view!
You now have 308 gold pieces (gained 10).
An ogre comes into view. It is wielding a +0 giant spiked club.
The ogre shouts!
You hear an angry hiss.
An ogre is nearby!
A ball python comes into view.
The ball python hisses angrily.
There are monsters nearby!
Found 11 gold pieces.
The ogre hits you with a +0 giant spiked club!
You hit the ogre.
The ogre is lightly wounded.
An endoplasm comes into view.
The ogre hits you with a +0 giant spiked club.
You closely miss the ogre.
The ogre is lightly wounded.
You hit the ogre.
The ogre is moderately wounded.
The ogre hits you with a +0 giant spiked club!!
* * * LOW HITPOINT WARNING * * *
You block the ball python's attack. The ball python grabs you.
The ball python constricts you. The ball python closely misses you.
The ball python constricts you.
* * * LOW HITPOINT WARNING * * *
You escape the ball python's grasp.
The ogre attacks as you move away! The ogre completely misses you.
The ogre attacks as you move away!
The ogre hits you with a +0 giant spiked club!
You die...

#......#....#
#^.##.#
#.##...####
#.. #.# #
#..#######
#.#
#.........
#.#
##.####### #.
#.#
....###.##
#......#
#####@.######
#SO.......
#...##....
#........###
#..>J.....#
#.........#
##....##..#
.....# ..#
....... .#


You could see an ogre, an endoplasm and a ball python.

Vanquished Creatures
  Eustachio (D:4)
  A lemure (D:4)
  3 adders
  3 dart slugs
  An orc (D:3)
  7 ball pythons
  6 endoplasms
  4 giant cockroaches
  7 hobgoblins
  3 jackals (D:3)
  A quokka (D:3)
  4 bats (D:1)
  2 frilled lizards
  5 goblins
  9 kobolds
  5 rats
62 creatures vanquished.

Notes
Turn   | Place    | Note
-------+----------+-------------------------------------------
     0 | D:1      | BritishOli the Demonspawn Fighter began the quest for the
                  | Orb.
     0 | D:1      | Reached XP level 1. HP: 18/18 MP: 1/1
    83 | D:1      | Found a faded altar of an unknown god.
   168 | D:1      | Gained mutation: You are partially covered in yellow
                  | scales. (AC +2) [demonic ancestry]
   168 | D:1      | Reached XP level 2. HP: 24/24 MP: 2/2
   871 | D:2      | Reached XP level 3. HP: 29/29 MP: 3/3
  1462 | D:2      | Upgraded the game from 0.31-a0-329-g52107efa6a to
                  | 0.31-a0-339-gda1cbd555d
  1674 | D:3      | Identified the +2 pair of gloves "Woqerphil" {rN+ Str+3
                  | Int+2 Dex-3}
  2194 | D:4      | Reached XP level 4. HP: 35/35 MP: 4/4
  2434 | D:4      | Noticed a lemure
  2434 | D:4      | Noticed Eustachio
  2435 | D:4      | Noticed a lemure
  2436 | D:4      | Noticed Pikel
  2436 | D:4      | Noticed a lemure
  2454 | D:4      | Killed Eustachio
  2455 | D:4      | Reached skill level 4 in Fighting
  2455 | D:4      | Reached XP level 5. HP: 29/42 MP: 5/5
  2475 | D:4      | Killed a lemure
  2476 | D:4      | Noticed a lemure
  2693 | D:4      | Noticed an ogre
  2702 | D:4      | Slain by an ogre

Illustrated notes

Levels and vault maps discovered:
D:1:      tarquinn_simple_flora_water_a, layout_basic,
          ebering_ecumenical_altar_sacrificial, minmay_misc_feat_rows
D:2:      layout_basic, st_stairs_8, kennysheep_generic_room_10
D:3:      layout_loops_cross
D:4:      layout_loops_ring, tgw_kikubaaqudgha, due_unseen_surprise, uniq_pikel,
          uniq_eustachio

Skill      XL: |  1  2  3  4 |
---------------+-------------+-----
Long Blades    | 2 3 |  3.1
Armour         | 3 |  3.7
Shields        | 3 |  3.7
Fighting       | 4 |  4.1

Action                     |  1- 3 |  4- 6 || total
---------------------------+-------+-------++-------
  Melee: Long sword        |   141 |    59 ||   200
    Use: Scroll            |       |     7 ||     7
 Armour: Scale mail        |   104 |    74 ||   178
  Dodge: Dodged            |    56 |    40 ||    96
  Block: Buckler           |    31 |    13 ||    44

Table legend: (Time is in decaauts)
 A = Elapsed time spent in this place.
 B = Non-inter-level travel time spent in this place.
 C = Inter-level travel time spent in this place.
 D = Time resting spent in this place.
 E = Time spent auto-exploring this place.
 F = Levels seen in this place.
 G = Mean time per level.
                   A        B        C        D        E       F      G
               +--------+--------+--------+--------+--------+-----+--------+
         Total |   2766 |   2622 |    144 |     84 |   2029 |   4 |  691.5 |
       Dungeon |   2766 |   2622 |    144 |     84 |   2029 |   4 |  691.5 |
               +--------+--------+--------+--------+--------+-----+--------+

Top non-repeatable levels by time:
     D:1: 883 daAuts
     D:3: 738 daAuts
     D:2: 645 daAuts
     D:4: 498 daAuts
